Canucks vs Bruins

Created - Wednesday, February 25, 2015 at 00:34

Goals
1 2 3 T
Canucks 0 1 1 2
Bruins 0 0 0 0
Shots
1 2 3 T
Canucks 11 11 6 28
Bruins 10 8 6 24

1st period

No Goal

Penalties :
Radko Gudas (Bos) for Goalie Interference (Minor) at 5:48, Kevin Czuczman (Bos) for Hooking (Minor) at 9:21

2nd period

1. Canucks , Pavel Datsyuk 34 (Joel Ward) at 2:26 (PP)

Penalties :
Radko Gudas (Bos) for Hooking (Minor) at 0:44, Radko Gudas (Bos) for Slashing (Double Minor) at 4:46, Derick Brassard (Van) for Tripping (Minor) at 8:11

3rd period

2. Canucks , Joel Ward 12 (Victor Hedman, Michael Grabner) at 19:55 (SH) (Empty Net)

Penalties :
Jared Cowen (Van) for Slashing (Minor) at 8:52, Kyle Brodziak (Van) for Hooking (Minor) at 18:10

Goalie Stats

Ben Bishop (Van), 24 saves from 24 shots - (1.000), W, 41-6-8, 60:00 minutes
Semyon Varlamov (Bos), 26 saves from 27 shots - (0.963), L, 24-25-6, 58:35 minutes

Players Stats for Canucks

Player Name              G  A  P  +/- PIM S  H  SB GA TA FO     MP     PP MP  PK MP  
------------------------------------------------------------------------------------
Andrei Markov            0  0  0   1  0   1  0  1  0  1  0/0    25:13   4:47   3:07 
Boyd Gordon              0  0  0   0  0   0  1  0  0  0  5/9    12:58   0:00   4:12 
Brendan Gallagher        0  0  0   0  0   4  2  0  0  1  0/0    11:20   0:00   0:00 
Casey Cizikas            0  0  0   0  0   2  0  1  0  0  0/0    12:58   0:00   4:12 
Christopher Tanev        0  0  0   0  0   2  0  1  0  0  0/0    18:10   0:00   2:06 
Clarke MacArthur         0  0  0   0  0   1  0  0  2  0  0/0    18:28   4:26   0:38 
Cody Hodgson             0  0  0   0  0   2  0  0  1  0  5/11   16:17   4:39   0:00 
Derick Brassard          0  0  0   0  2   1  1  0  1  0  0/0    16:53   4:38   0:18 
Jared Cowen              0  0  0   0  2   3  1  1  0  0  0/0    12:36   0:00   0:00 
Joel Ward                1  1  2   1  0   2  2  2  1  0  0/0    18:11   4:26   0:39 
Kyle Brodziak            0  0  0   0  2   1  3  1  0  0  3/7    11:19   0:00   0:00 
Mats Zuccarello          0  0  0   0  0   2  4  0  2  0  0/0    16:55   4:39   0:04 
Michael Grabner          0  1  1   1  0   2  4  0  0  0  0/0    15:57   4:18   0:19 
Niklas Hjalmarsson       0  0  0   0  0   0  0  1  0  0  0/0    20:17   4:18   0:13 
Pavel Datsyuk            1  0  1   0  0   1  0  0  2  0  6/17   18:10   4:26   0:04 
Victor Hedman            0  1  1   1  0   2  2  1  3  2  0/0    25:13   4:47   3:07 
Willie Mitchell          0  0  0   0  0   0  1  0  0  0  0/0    14:30   0:00   1:53 
Zack Kassian             0  0  0   0  0   2  2  0  0  0  0/1     8:45   0:00   0:00 

Players Stats for Bruins

Player Name              G  A  P  +/- PIM S  H  SB GA TA FO     MP     PP MP  PK MP  
------------------------------------------------------------------------------------
Andrew Cogliano          0  0  0   0  0   1  1  0  0  0  1/2     8:25   0:00   0:28 
Anze Kopitar             0  0  0  -1  0   0  2  3  3  0  10/19  20:45   2:37   2:38 
Brenden Dillon           0  0  0   0  0   0  1  4  0  1  0/0    21:58   0:13   4:23 
Jeff Petry               0  0  0   0  0   1  3  3  0  3  0/0    21:17   0:08   4:42 
Joe Pavelski             0  0  0  -1  0   0  0  2  1  0  1/1    15:54   2:24   0:00 
Jonas Brodin             0  0  0   0  0   0  1  3  0  3  0/0    21:28   0:00   4:23 
Kevin Czuczman           0  0  0   0  2   0  0  0  0  1  0/0    16:08   0:13   3:09 
Marian Hossa             0  0  0  -1  0   0  1  1  0  0  0/2    16:41   2:37   0:00 
Matt Duchene             0  0  0   0  0   5  1  1  3  0  0/0    14:10   2:36   0:00 
Nick Holden              0  0  0  -1  0   1  1  1  1  0  0/0    16:45   4:52   0:00 
Paul Stastny             0  0  0   0  0   5  0  1  1  0  7/10   14:10   2:36   0:00 
Radko Gudas              0  0  0   0  8   2  4  3  1  0  0/0    18:37   0:13   1:33 
Ryan Smyth               0  0  0   0  0   0  0  0  0  1  0/1    13:47   0:00   6:27 
T.J. Oshie               0  0  0   0  0   2  1  0  0  0  0/0    13:48   2:54   0:00 
Tommy Wingels            0  0  0   0  0   0  2  0  0  0  1/1    15:22   0:00   2:38 
Troy Brouwer             0  0  0   0  0   3  3  0  1  0  0/1    14:10   2:36   0:00 
Valeri Nichushkin        0  0  0  -1  0   4  0  0  0  0  0/0     9:35   2:06   0:00 
Zemgus Girgensons        0  0  0   0  0   0  3  0  0  1  6/8    17:17   0:00   5:59 

3 Stars

1 - Ben Bishop (Van)
2 - Joel Ward (Van)
3 - Semyon Varlamov (Bos)

Power Play

Canucks - 1 on 5 Attempt(s) - 20.00%
Bruins - 0 on 3 Attempt(s) - 0.00%

Penalty Kill

Canucks - 3 on 3 Attempt(s) - 100.00% - Score 1 goal in Penalty Kill
Bruins - 4 on 5 Attempt(s) - 80.00% - Score 0 goal in Penalty Kill

Team Stat

Canucks - Hits : 23 - Faceoff Wins : 19 - Blocked Shots : 9 - Penalty Minutes : 6
Bruins - Hits : 24 - Faceoff Wins : 26 - Blocked Shots : 22 - Penalty Minutes : 10

Official

Referees : Unknown
Linesman : Unknown

Game Notes

Joel Ward has scored in a empty net!

Finance

Level 1 -- Attendance: 5404 (90.07%) -- Ticket Income $432,320
Level 2 -- Attendance: 4475 (89.50%) -- Ticket Income $237,175
Level 3 -- Attendance: 1860 (93.00%) -- Ticket Income $52,080
Level 4 -- Attendance: 3940 (98.50%) -- Ticket Income $66,980
Luxury Box -- Attendance: 891 (89.10%) -- Ticket Income $156,816
Game was played at the TD Banknorth Garden'
Total Attendance: 16570 (92.06%)
Total Ticket Income: $945,371
Other Income: $463,232
Total Income: $1,408,603

Canucks

5 vs 5 Forward 
   Center                   Left Wing                Right Wing               Time % Phy DF OF 
 1 Pavel Datsyuk            Clarke MacArthur         Joel Ward                40     1   2  2  
 2 Cody Hodgson             Derick Brassard          Mats Zuccarello          30     1   2  2  
 3 Kyle Brodziak            Michael Grabner          Brendan Gallagher        20     1   2  2  
 4 Boyd Gordon              Casey Cizikas            Zack Kassian             10     1   3  1  

5 vs 5 Defense 
   Defense                  Defense                                           Time % Phy DF OF 
 1 Andrei Markov            Victor Hedman                                     40     1   2  2  
 2 Christopher Tanev        Niklas Hjalmarsson                                35     1   2  2  
 3 Jared Cowen              Willie Mitchell                                   20     1   2  2  
 4 Andrei Markov            Victor Hedman                                     5      1   2  2  

PowerPlay Forward 
   Center                   Left Wing                Right Wing               Time % Phy DF OF 
 1 Pavel Datsyuk            Clarke MacArthur         Joel Ward                60     1   1  3  
 2 Cody Hodgson             Derick Brassard          Mats Zuccarello          40     1   1  3  

PowerPlay Defense
   Defense                  Defense                                           Time % Phy DF OF 
 1 Andrei Markov            Victor Hedman                                     60     1   1  3  
 2 Michael Grabner          Niklas Hjalmarsson                                40     1   1  3  

Penalty Kill 4 Players Forward 
   Center                   Wing                     Time % Phy DF OF 
 1 Boyd Gordon              Casey Cizikas            60     1   3  1  
 2 Kyle Brodziak            Michael Grabner          40     1   3  1  

Penalty Kill 4 Players Defense
   Defense                  Defense                  Time % Phy DF OF 
 1 Andrei Markov            Victor Hedman            60     1   3  1  
 2 Christopher Tanev        Willie Mitchell          40     1   3  1  

Penalty Kill - 3 Players Forward 
   Forward                                           Time % Phy DF OF 
 1 Boyd Gordon                                       60     1   2  2  
 2 Kyle Brodziak                                     40     1   2  2  

Penalty Kill - 3 Players Defense
   Defense                  Defense                  Time % Phy DF OF 
 1 Andrei Markov            Victor Hedman            60     1   2  2  
 2 Christopher Tanev        Willie Mitchell          40     1   2  2  

4 vs 4 Forward 
   Center                   Wing                     Time % Phy DF OF 
 1 Pavel Datsyuk            Mats Zuccarello          60     1   2  2  
 2 Derick Brassard          Clarke MacArthur         40     1   2  2  

4 vs 4 Defense
   Defense                  Defense                  Time % Phy DF OF 
 1 Andrei Markov            Victor Hedman            60     1   2  2  
 2 Christopher Tanev        Niklas Hjalmarsson       40     1   2  2  

Last Minutes Offensive
   Center                   Left Wing                Right Wing               Defense                  Defense                  
   Pavel Datsyuk            Derick Brassard          Mats Zuccarello          Andrei Markov            Victor Hedman            

Last Minutes Defensive
   Center                   Left Wing                Right Wing               Defense                  Defense                  
   Kyle Brodziak            Casey Cizikas            Boyd Gordon              Christopher Tanev        Victor Hedman            

Goaltenders
Starting : Ben Bishop               
Backup : Peter Budaj              

Extra Forwards
Normal : Cody Hodgson, Brendan Gallagher, Mats Zuccarello - PP : Cody Hodgson, Brendan Gallagher - PK : Joel Ward
Extra Defensemen
Normal : Jared Cowen, Victor Hedman, Christopher Tanev - PP : Niklas Hjalmarsson - PK : Christopher Tanev, Willie Mitchell
Penalty Shots
Mats Zuccarello, Pavel Datsyuk, Derick Brassard, Joel Ward, Cody Hodgson

Bruins

5 vs 5 Forward 
   Center                   Left Wing                Right Wing               Time % Phy DF OF 
 1 Anze Kopitar             Joe Pavelski             Marian Hossa             40     1   2  2  
 2 Paul Stastny             Matt Duchene             Troy Brouwer             30     1   2  2  
 3 Zemgus Girgensons        Tommy Wingels            T.J. Oshie               20     1   2  2  
 4 Andrew Cogliano          Ryan Smyth               Valeri Nichushkin        10     2   2  1  

5 vs 5 Defense 
   Defense                  Defense                                           Time % Phy DF OF 
 1 Jonas Brodin             Jeff Petry                                        45     1   2  2  
 2 Brenden Dillon           Radko Gudas                                       35     1   2  2  
 3 Kevin Czuczman           Nick Holden                                       20     1   2  2  
 4 Radko Gudas              Nick Holden                                       0      1   2  2  

PowerPlay Forward 
   Center                   Left Wing                Right Wing               Time % Phy DF OF 
 1 Anze Kopitar             Joe Pavelski             Marian Hossa             60     1   0  4  
 2 Paul Stastny             Matt Duchene             Troy Brouwer             40     1   0  4  

PowerPlay Defense
   Defense                  Defense                                           Time % Phy DF OF 
 1 Nick Holden              T.J. Oshie                                        60     1   1  3  
 2 Valeri Nichushkin        Nick Holden                                       40     1   1  3  

Penalty Kill 4 Players Forward 
   Center                   Wing                     Time % Phy DF OF 
 1 Zemgus Girgensons        Ryan Smyth               60     1   3  1  
 2 Anze Kopitar             Tommy Wingels            40     1   3  1  

Penalty Kill 4 Players Defense
   Defense                  Defense                  Time % Phy DF OF 
 1 Brenden Dillon           Jonas Brodin             50     1   3  1  
 2 Jeff Petry               Radko Gudas              50     1   3  1  

Penalty Kill - 3 Players Forward 
   Forward                                           Time % Phy DF OF 
 1 Zemgus Girgensons                                 60     1   4  0  
 2 Anze Kopitar                                      40     1   4  0  

Penalty Kill - 3 Players Defense
   Defense                  Defense                  Time % Phy DF OF 
 1 Jonas Brodin             Brenden Dillon           55     1   4  0  
 2 Jeff Petry               Radko Gudas              45     1   4  0  

4 vs 4 Forward 
   Center                   Wing                     Time % Phy DF OF 
 1 Anze Kopitar             Marian Hossa             60     1   1  3  
 2 Joe Pavelski             Matt Duchene             40     1   1  3  

4 vs 4 Defense
   Defense                  Defense                  Time % Phy DF OF 
 1 Jonas Brodin             Jeff Petry               60     1   2  2  
 2 Brenden Dillon           Kevin Czuczman           40     1   2  2  

Last Minutes Offensive
   Center                   Left Wing                Right Wing               Defense                  Defense                  
   Anze Kopitar             Matt Duchene             Joe Pavelski             Jonas Brodin             Nick Holden              

Last Minutes Defensive
   Center                   Left Wing                Right Wing               Defense                  Defense                  
   Anze Kopitar             Joe Pavelski             Marian Hossa             Jonas Brodin             Jeff Petry               

Goaltenders
Starting : Semyon Varlamov          
Backup : Cam Talbot               

Extra Forwards
Normal : Paul Stastny, T.J. Oshie, Valeri Nichushkin - PP : Valeri Nichushkin, T.J. Oshie - PK : Anze Kopitar
Extra Defensemen
Normal : Brenden Dillon, Radko Gudas, Jeff Petry - PP : Jeff Petry - PK : Radko Gudas, Kevin Czuczman
Penalty Shots
T.J. Oshie, Joe Pavelski, Anze Kopitar, Matt Duchene, Ryan Smyth

% Time on Ice - Canucks

Lines # - Real PCT - Wanted PCT - Time Play
Normal Forward
1 - 30% - 40% - 13:25
2 - 26% - 30% - 11:38
3 - 25% - 20% - 11:20
4 - 19% - 10% - 8:45
Normal Defense
1 - 37% - 40% - 16:43
2 - 34% - 35% - 15:30
3 - 27% - 20% - 12:19
4 - 1% - 5% - 0:36
PP Forward
1 - 49% - 60% - 4:26
2 - 51% - 40% - 4:39
PP Defense
1 - 53% - 60% - 4:47
2 - 47% - 40% - 4:18
PK Forward
1 - 94% - 60% - 4:54
2 - 6% - 40% - 0:19
PK Defense
1 - 60% - 60% - 3:07
2 - 40% - 40% - 2:06
PK3 Forward
1 - 0% - 60%
2 - 0% - 40%
PK3 Defense
1 - 0% - 60%
2 - 0% - 40%
44 Forward
1 - 100% - 60% - 0:34
2 - 0% - 40% - 0:00
44 Defense
1 - 0% - 60% - 0:00
2 - 100% - 40% - 0:34
Last Minute Offensive  - 0:00
Last Minute Defensive  - 0:00
Total
Forward - 60:00
Defense - 60:00

% Time on Ice - Bruins

Lines # - Real PCT - Wanted PCT - Time Play
Normal Forward
1 - 30% - 40% - 13:30
2 - 29% - 30% - 13:00
3 - 25% - 20% - 11:18
4 - 16% - 10% - 7:20
Normal Defense
1 - 40% - 45% - 17:53
2 - 34% - 35% - 15:31
3 - 25% - 20% - 11:12
4 - 1% - 0% - 0:32
PP Forward
1 - 50% - 60% - 2:37
2 - 50% - 40% - 2:36
PP Defense
1 - 56% - 60% - 2:54
2 - 44% - 40% - 2:19
PK Forward
1 - 71% - 60% - 6:27
2 - 29% - 40% - 2:38
PK Defense
1 - 48% - 50% - 4:23
2 - 52% - 50% - 4:42
PK3 Forward
1 - 0% - 60%
2 - 0% - 40%
PK3 Defense
1 - 0% - 55%
2 - 0% - 45%
44 Forward
1 - 100% - 60% - 0:34
2 - 0% - 40% - 0:00
44 Defense
1 - 0% - 60% - 0:00
2 - 100% - 40% - 0:34
Last Minute Offensive  - 0:00
Last Minute Defensive  - 0:00
Total
Forward - 60:00
Defense - 60:00

Play by Play

1st period


0:01 of 1st period - Pavel Datsyuk wins face-off versus Marian Hossa in neutral zone.
0:30 of 1st period - Slapshot by Anze Kopitar.
0:30 of 1st period - Shot Misses the Net.
0:32 of 1st period - Slapshot by Jonas Brodin.
0:32 of 1st period - Deflect By Joe Pavelski.
0:32 of 1st period - Shot Misses the Net.
0:32 of 1st period - Puck is out of play.
0:33 of 1st period - Paul Stastny wins face-off versus Cody Hodgson in Canucks zone.
0:36 of 1st period - Backhand shot by Paul Stastny.
0:36 of 1st period - Stopped by Ben Bishop with a rebound.
0:54 of 1st period - Snap shot by Troy Brouwer.
0:54 of 1st period - Stopped by Ben Bishop with a rebound.
1:26 of 1st period - Niklas Hjalmarsson is hit by Radko Gudas and loses puck.
1:41 of 1st period - Wrist shot by T.J. Oshie.
1:41 of 1st period - Shot Misses the Net.
1:47 of 1st period - T.J. Oshie is hit by Michael Grabner and loses puck.
2:52 of 1st period - Snap shot by Zack Kassian.
2:52 of 1st period - Shot Misses the Net.
2:58 of 1st period - Slapshot by Casey Cizikas.
2:58 of 1st period - Shot Blocked by Joe Pavelski.
3:00 of 1st period - Slapshot by Andrei Markov.
3:00 of 1st period - Shot Misses the Net.
3:02 of 1st period - Wrist shot by Boyd Gordon.
3:02 of 1st period - Shot Misses the Net.
3:04 of 1st period - Wrist shot by Andrei Markov.
3:04 of 1st period - Stopped by Semyon Varlamov with a rebound.
3:06 of 1st period - Slapshot by Andrei Markov.
3:06 of 1st period - Shot Blocked by Anze Kopitar.
3:08 of 1st period - Slapshot by Victor Hedman.
3:08 of 1st period - Shot Blocked by Anze Kopitar.
3:51 of 1st period - Snap shot by Paul Stastny.
3:51 of 1st period - Stopped by Ben Bishop with a rebound.
3:53 of 1st period - Slapshot by Jonas Brodin.
3:53 of 1st period - Shot Misses the Net.
3:55 of 1st period - Slapshot by Jeff Petry.
3:55 of 1st period - Deflect By Paul Stastny.
3:55 of 1st period - Shot Misses the Net.
3:55 of 1st period - Puck is out of play.
3:56 of 1st period - Kyle Brodziak wins face-off versus Paul Stastny in Canucks zone.
4:01 of 1st period - Snap shot by Brendan Gallagher.
4:01 of 1st period - Stopped by Semyon Varlamov without a rebound.
4:02 of 1st period - Kyle Brodziak wins face-off versus Ryan Smyth in Bruins zone.
4:05 of 1st period - Wrist shot by Michael Grabner.
4:05 of 1st period - Deflect By Ryan Smyth.
4:05 of 1st period - Shot Blocked by Jeff Petry.
4:05 of 1st period - Puck is out of play.
4:06 of 1st period - Andrew Cogliano wins face-off versus Kyle Brodziak in Bruins zone.
4:06 of 1st period - Andrew Cogliano is hit by Brendan Gallagher.
4:22 of 1st period - Snap shot by Ryan Smyth.
4:22 of 1st period - Shot Misses the Net.
4:24 of 1st period - Snap shot by Jeff Petry.
4:24 of 1st period - Deflect By Christopher Tanev.
4:24 of 1st period - Stopped by Ben Bishop with a rebound.
4:26 of 1st period - Wrist shot by Andrew Cogliano.
4:26 of 1st period - Shot Misses the Net.
4:28 of 1st period - Slapshot by Andrew Cogliano.
4:28 of 1st period - Shot Blocked by Niklas Hjalmarsson.
4:38 of 1st period - Wrist shot by Valeri Nichushkin.
4:38 of 1st period - Stopped by Ben Bishop without a rebound.
4:39 of 1st period - Pavel Datsyuk wins face-off versus Paul Stastny in Canucks zone.
4:46 of 1st period - Troy Brouwer is hit by Jared Cowen and loses puck.
5:01 of 1st period - Wrist shot by Matt Duchene.
5:01 of 1st period - Stopped by Ben Bishop with a rebound.
5:03 of 1st period - Slapshot by Brenden Dillon.
5:03 of 1st period - Shot Misses the Net.
5:05 of 1st period - Snap shot by Radko Gudas.
5:05 of 1st period - Stopped by Ben Bishop without a rebound.
5:06 of 1st period - Zemgus Girgensons wins face-off versus Cody Hodgson in Canucks zone.
5:07 of 1st period - Wrist shot by T.J. Oshie.
5:07 of 1st period - Stopped by Ben Bishop without a rebound.
5:08 of 1st period - Zemgus Girgensons wins face-off versus Cody Hodgson in Canucks zone.
5:31 of 1st period - Snap shot by Cody Hodgson.
5:31 of 1st period - Shot Misses the Net.
5:33 of 1st period - Slapshot by Victor Hedman.
5:33 of 1st period - Shot Blocked by Jonas Brodin.
5:35 of 1st period - Slapshot by Victor Hedman.
5:35 of 1st period - Stopped by Semyon Varlamov with a rebound.
5:37 of 1st period - Slapshot by Mats Zuccarello.
5:37 of 1st period - Stopped by Semyon Varlamov with a rebound.
5:39 of 1st period - Snap shot by Victor Hedman.
5:39 of 1st period - Shot Blocked by Jeff Petry.
5:41 of 1st period - Slapshot by Victor Hedman.
5:41 of 1st period - Deflect By Jonas Brodin.
5:41 of 1st period - Stopped by Semyon Varlamov without a rebound.
5:42 of 1st period - Anze Kopitar wins face-off versus Pavel Datsyuk in Bruins zone.
5:48 of 1st period - Minor Penalty to Radko Gudas for Goalie Interference.
5:49 of 1st period - Zemgus Girgensons wins face-off versus Pavel Datsyuk in Bruins zone.
6:25 of 1st period - Snap shot by Clarke MacArthur.
6:25 of 1st period - Shot Blocked by Brenden Dillon.
6:27 of 1st period - Slapshot by Joel Ward.
6:27 of 1st period - Stopped by Semyon Varlamov with a rebound.
6:45 of 1st period - Anze Kopitar is hit by Mats Zuccarello and loses puck.
6:52 of 1st period - Slapshot by Cody Hodgson.
6:52 of 1st period - Shot Misses the Net.
7:41 of 1st period - Mats Zuccarello is hit by Anze Kopitar.
7:48 of 1st period - Penalty to Radko Gudas is over, Radko Gudas is back on ice.
7:49 of 1st period - Slapshot by Derick Brassard.
7:49 of 1st period - Shot Misses the Net.
7:51 of 1st period - Wrist shot by Andrei Markov.
7:51 of 1st period - Shot Blocked by Radko Gudas.
7:53 of 1st period - Snap shot by Cody Hodgson.
7:53 of 1st period - Shot Hit the Post.
8:00 of 1st period - Icing by Brenden Dillon.
8:01 of 1st period - Boyd Gordon wins face-off versus Anze Kopitar in Bruins zone.
8:12 of 1st period - Wrist shot by Casey Cizikas.
8:12 of 1st period - Stopped by Semyon Varlamov with a rebound.
8:14 of 1st period - Slapshot by Willie Mitchell.
8:14 of 1st period - Shot Blocked by Jonas Brodin.
8:16 of 1st period - Slapshot by Jared Cowen.
8:16 of 1st period - Shot Blocked by Jonas Brodin.
8:34 of 1st period - Slapshot by Boyd Gordon.
8:34 of 1st period - Shot Misses the Net.
8:36 of 1st period - Slapshot by Jared Cowen.
8:36 of 1st period - Stopped by Semyon Varlamov with a rebound.
8:54 of 1st period - Matt Duchene is hit by Kyle Brodziak and loses puck.
9:21 of 1st period - Minor Penalty to Kevin Czuczman for Hooking.
9:22 of 1st period - Pavel Datsyuk wins face-off versus Zemgus Girgensons in Bruins zone.
9:55 of 1st period - Snap shot by Andrei Markov.
9:55 of 1st period - Shot Misses the Net.
11:21 of 1st period - Penalty to Kevin Czuczman is over, Kevin Czuczman is back on ice.
11:23 of 1st period - Jonas Brodin is hit by Derick Brassard and loses puck.
11:44 of 1st period - Wrist shot by Zack Kassian.
11:44 of 1st period - Stopped by Semyon Varlamov with a rebound.
11:46 of 1st period - Snap shot by Jared Cowen.
11:46 of 1st period - Stopped by Semyon Varlamov without a rebound.
11:47 of 1st period - Boyd Gordon wins face-off versus Paul Stastny in Bruins zone.
11:48 of 1st period - Backhand shot by Casey Cizikas.
11:48 of 1st period - Shot Blocked by Paul Stastny.
12:00 of 1st period - Wrist shot by Boyd Gordon.
12:00 of 1st period - Shot Misses the Net.
12:46 of 1st period - Marian Hossa is hit by Brendan Gallagher.
12:52 of 1st period - Wrist shot by Michael Grabner.
12:52 of 1st period - Shot Blocked by Radko Gudas.
13:45 of 1st period - Victor Hedman is hit by Tommy Wingels.
14:05 of 1st period - Andrei Markov is hit by Radko Gudas and loses puck.
14:28 of 1st period - Jared Cowen is hit by Brenden Dillon and loses puck.
15:49 of 1st period - Snap shot by Michael Grabner.
15:49 of 1st period - Shot Blocked by Jeff Petry.
17:33 of 1st period - Slapshot by Cody Hodgson.
17:33 of 1st period - Shot Misses the Net.
17:39 of 1st period - Snap shot by Derick Brassard.
17:39 of 1st period - Shot Misses the Net.
17:41 of 1st period - Slapshot by Christopher Tanev.
17:41 of 1st period - Stopped by Semyon Varlamov with a rebound.
18:28 of 1st period - Jeff Petry is hit by Zack Kassian and loses puck.
18:43 of 1st period - Michael Grabner is hit by Troy Brouwer and loses puck.
19:43 of 1st period - Boyd Gordon is hit by Jeff Petry and loses puck.
19:54 of 1st period - Wrist shot by Troy Brouwer.
19:54 of 1st period - Shot Blocked by Casey Cizikas.
19:56 of 1st period - Wrist shot by Troy Brouwer.
19:56 of 1st period - Stopped by Ben Bishop with a rebound.
19:58 of 1st period - Snap shot by Radko Gudas.
19:58 of 1st period - Stopped by Ben Bishop with a rebound.
Goals for this period are 0 for Canucks vs 0 for Bruins.
Shots for this period are 11 for Canucks vs 10 for Bruins.

2nd period


0:01 of 2nd period - Anze Kopitar wins face-off versus Pavel Datsyuk in neutral zone.
0:24 of 2nd period - Slapshot by Clarke MacArthur.
0:24 of 2nd period - Shot Misses the Net.
0:44 of 2nd period - Minor Penalty to Radko Gudas for Hooking.
0:45 of 2nd period - Cody Hodgson wins face-off versus Zemgus Girgensons in Bruins zone.
1:38 of 2nd period - Ryan Smyth is hit by Michael Grabner and loses puck.
2:26 of 2nd period - Wrist shot by Pavel Datsyuk.
2:26 of 2nd period - Goal by Pavel Datsyuk - Canucks : 1 - Bruins : 0.
2:27 of 2nd period - Boyd Gordon wins face-off versus Anze Kopitar in neutral zone.
2:36 of 2nd period - Slapshot by Andrei Markov.
2:36 of 2nd period - Shot Blocked by Radko Gudas.
2:38 of 2nd period - Snap shot by Casey Cizikas.
2:38 of 2nd period - Stopped by Semyon Varlamov without a rebound.
2:39 of 2nd period - Boyd Gordon wins face-off versus Anze Kopitar in Bruins zone.
2:58 of 2nd period - Snap shot by Zack Kassian.
2:58 of 2nd period - Stopped by Semyon Varlamov without a rebound.
2:59 of 2nd period - Paul Stastny wins face-off versus Pavel Datsyuk in Bruins zone.
3:19 of 2nd period - Wrist shot by Joel Ward.
3:19 of 2nd period - Shot Blocked by Matt Duchene.
3:58 of 2nd period - Niklas Hjalmarsson is hit by Jeff Petry and loses puck.
4:46 of 2nd period - Double Minor Penalty to Radko Gudas for Slashing.
4:47 of 2nd period - Zemgus Girgensons wins face-off versus Pavel Datsyuk in Bruins zone.
5:03 of 2nd period - Andrei Markov is hit by Zemgus Girgensons.
5:23 of 2nd period - Jeff Petry is hit by Mats Zuccarello and loses puck.
5:36 of 2nd period - Snap shot by Derick Brassard.
5:36 of 2nd period - Shot Misses the Net.
5:38 of 2nd period - Slapshot by Niklas Hjalmarsson.
5:38 of 2nd period - Shot Misses the Net.
5:40 of 2nd period - Slapshot by Michael Grabner.
5:40 of 2nd period - Deflect By Mats Zuccarello.
5:40 of 2nd period - Shot Misses the Net.
5:40 of 2nd period - Puck is out of play.
5:41 of 2nd period - Tommy Wingels wins face-off versus Pavel Datsyuk in Bruins zone.
6:34 of 2nd period - Jonas Brodin is hit by Joel Ward and loses puck.
6:43 of 2nd period - Michael Grabner is hit by Zemgus Girgensons and loses puck.
7:46 of 2nd period - Andrei Markov is hit by Tommy Wingels.
7:55 of 2nd period - Off-side.
7:56 of 2nd period - Zemgus Girgensons wins face-off versus Cody Hodgson in neutral zone.
8:09 of 2nd period - Wrist shot by Zemgus Girgensons.
8:09 of 2nd period - Shot Misses the Net.
8:11 of 2nd period - Minor Penalty to Derick Brassard for Tripping.
8:12 of 2nd period - Pavel Datsyuk wins face-off versus Anze Kopitar in Canucks zone.
8:27 of 2nd period - Snap shot by Mats Zuccarello.
8:27 of 2nd period - Shot Blocked by Brenden Dillon.
8:29 of 2nd period - Snap shot by Christopher Tanev.
8:29 of 2nd period - Deflect By Brenden Dillon.
8:29 of 2nd period - Stopped by Semyon Varlamov without a rebound.
8:30 of 2nd period - Anze Kopitar wins face-off versus Pavel Datsyuk in Bruins zone.
8:30 of 2nd period - Anze Kopitar is hit by Mats Zuccarello.
8:46 of 2nd period - Penalty to Radko Gudas is over, Radko Gudas is back on ice.
8:46 of 2nd period - Slapshot by Anze Kopitar.
8:46 of 2nd period - Shot Blocked by Christopher Tanev.
8:56 of 2nd period - Wrist shot by Casey Cizikas.
8:56 of 2nd period - Shot Blocked by Brenden Dillon.
8:58 of 2nd period - Snap shot by Niklas Hjalmarsson.
8:58 of 2nd period - Deflect By Casey Cizikas.
8:58 of 2nd period - Shot Blocked by Brenden Dillon.
8:58 of 2nd period - Puck is out of play.
8:59 of 2nd period - Paul Stastny wins face-off versus Boyd Gordon in Bruins zone.
9:16 of 2nd period - Wrist shot by Paul Stastny.
9:16 of 2nd period - Stopped by Ben Bishop without a rebound.
9:17 of 2nd period - Boyd Gordon wins face-off versus Troy Brouwer in Canucks zone.
9:22 of 2nd period - Nick Holden is hit by Boyd Gordon and loses puck.
10:03 of 2nd period - Boyd Gordon is hit by Anze Kopitar and loses puck.
10:11 of 2nd period - Penalty to Derick Brassard is over, Derick Brassard is back on ice.
10:18 of 2nd period - Joe Pavelski is hit by Michael Grabner and loses puck.
10:25 of 2nd period - Radko Gudas is hit by Michael Grabner and loses puck.
10:50 of 2nd period - Jonas Brodin is hit by Kyle Brodziak and loses puck.
11:27 of 2nd period - Clarke MacArthur is hit by Zemgus Girgensons and loses puck.
11:46 of 2nd period - Snap shot by Zemgus Girgensons.
11:46 of 2nd period - Deflect By T.J. Oshie.
11:46 of 2nd period - Stopped by Ben Bishop with a rebound.
11:48 of 2nd period - Slapshot by Brenden Dillon.
11:48 of 2nd period - Shot Misses the Net.
12:11 of 2nd period - Wrist shot by Troy Brouwer.
12:11 of 2nd period - Stopped by Ben Bishop without a rebound.
12:12 of 2nd period - Paul Stastny wins face-off versus Kyle Brodziak in Canucks zone.
12:29 of 2nd period - Backhand shot by Michael Grabner.
12:29 of 2nd period - Shot Misses the Net.
12:31 of 2nd period - Slapshot by Jared Cowen.
12:31 of 2nd period - Deflect By Brendan Gallagher.
12:31 of 2nd period - Stopped by Semyon Varlamov without a rebound.
12:32 of 2nd period - Kyle Brodziak wins face-off versus Anze Kopitar in Bruins zone.
12:35 of 2nd period - Snap shot by Brendan Gallagher.
12:35 of 2nd period - Stopped by Semyon Varlamov without a rebound.
12:36 of 2nd period - Anze Kopitar wins face-off versus Pavel Datsyuk in Bruins zone.
12:47 of 2nd period - Snap shot by Anze Kopitar.
12:47 of 2nd period - Shot Misses the Net.
12:52 of 2nd period - Off-side.
12:53 of 2nd period - Paul Stastny wins face-off versus Pavel Datsyuk in neutral zone.
13:20 of 2nd period - Wrist shot by Matt Duchene.
13:20 of 2nd period - Stopped by Ben Bishop with a rebound.
13:22 of 2nd period - Slapshot by Troy Brouwer.
13:22 of 2nd period - Shot Blocked by Joel Ward.
13:24 of 2nd period - Snap shot by Jonas Brodin.
13:24 of 2nd period - Deflect By Matt Duchene.
13:24 of 2nd period - Stopped by Ben Bishop with a rebound.
13:26 of 2nd period - Snap shot by Paul Stastny.
13:26 of 2nd period - Deflect By Matt Duchene.
13:26 of 2nd period - Stopped by Ben Bishop without a rebound.
13:27 of 2nd period - Cody Hodgson wins face-off versus Anze Kopitar in Canucks zone.
13:32 of 2nd period - Radko Gudas is hit by Mats Zuccarello and loses puck.
13:41 of 2nd period - Wrist shot by Mats Zuccarello.
13:41 of 2nd period - Shot Misses the Net.
13:43 of 2nd period - Snap shot by Cody Hodgson.
13:43 of 2nd period - Stopped by Semyon Varlamov without a rebound.
13:44 of 2nd period - Anze Kopitar wins face-off versus Cody Hodgson in Bruins zone.
14:39 of 2nd period - Wrist shot by T.J. Oshie.
14:39 of 2nd period - Shot Blocked by Kyle Brodziak.
14:45 of 2nd period - Jeff Petry is hit by Victor Hedman and loses puck.
15:53 of 2nd period - Snap shot by Matt Duchene.
15:53 of 2nd period - Stopped by Ben Bishop without a rebound.
15:54 of 2nd period - Paul Stastny wins face-off versus Zack Kassian in Canucks zone.
16:13 of 2nd period - Snap shot by Paul Stastny.
16:13 of 2nd period - Stopped by Ben Bishop without a rebound.
16:14 of 2nd period - Anze Kopitar wins face-off versus Cody Hodgson in Canucks zone.
16:33 of 2nd period - Snap shot by Mats Zuccarello.
16:33 of 2nd period - Stopped by Semyon Varlamov with a rebound.
16:35 of 2nd period - Snap shot by Derick Brassard.
16:35 of 2nd period - Stopped by Semyon Varlamov with a rebound.
16:37 of 2nd period - Snap shot by Cody Hodgson.
16:37 of 2nd period - Stopped by Semyon Varlamov with a rebound.
16:39 of 2nd period - Snap shot by Jared Cowen.
16:39 of 2nd period - Shot Misses the Net.
16:41 of 2nd period - Slapshot by Jared Cowen.
16:41 of 2nd period - Shot Misses the Net.
17:31 of 2nd period - Snap shot by Michael Grabner.
17:31 of 2nd period - Stopped by Semyon Varlamov with a rebound.
17:51 of 2nd period - Paul Stastny is hit by Joel Ward and loses puck.
18:06 of 2nd period - Jeff Petry is hit by Victor Hedman and loses puck.
19:53 of 2nd period - Snap shot by Brendan Gallagher.
19:53 of 2nd period - Shot Misses the Net.
Goals for this period are 1 for Canucks vs 0 for Bruins.
Shots for this period are 11 for Canucks vs 8 for Bruins.

3rd period


0:01 of 3rd period - Pavel Datsyuk wins face-off versus Marian Hossa in neutral zone.
0:07 of 3rd period - Icing by Jeff Petry.
0:08 of 3rd period - Anze Kopitar wins face-off versus Pavel Datsyuk in Bruins zone.
0:22 of 3rd period - Snap shot by Pavel Datsyuk.
0:22 of 3rd period - Shot Blocked by Marian Hossa.
0:32 of 3rd period - Wrist shot by Clarke MacArthur.
0:32 of 3rd period - Stopped by Semyon Varlamov with a rebound.
1:23 of 3rd period - Christopher Tanev is hit by Troy Brouwer and loses puck.
1:43 of 3rd period - Snap shot by Brendan Gallagher.
1:43 of 3rd period - Stopped by Semyon Varlamov with a rebound.
2:09 of 3rd period - Wrist shot by Michael Grabner.
2:09 of 3rd period - Stopped by Semyon Varlamov with a rebound.
2:11 of 3rd period - Snap shot by Kyle Brodziak.
2:11 of 3rd period - Stopped by Semyon Varlamov with a rebound.
2:13 of 3rd period - Snap shot by Jared Cowen.
2:13 of 3rd period - Stopped by Semyon Varlamov with a rebound.
2:51 of 3rd period - Slapshot by Nick Holden.
2:51 of 3rd period - Deflect By Boyd Gordon.
2:51 of 3rd period - Stopped by Ben Bishop with a rebound.
2:53 of 3rd period - Snap shot by Andrew Cogliano.
2:53 of 3rd period - Stopped by Ben Bishop with a rebound.
2:55 of 3rd period - Snap shot by Valeri Nichushkin.
2:55 of 3rd period - Shot Misses the Net.
3:32 of 3rd period - Off-side.
3:33 of 3rd period - Anze Kopitar wins face-off versus Pavel Datsyuk in neutral zone.
3:38 of 3rd period - Wrist shot by Marian Hossa.
3:38 of 3rd period - Shot Misses the Net.
3:51 of 3rd period - Icing by Brenden Dillon.
3:52 of 3rd period - Cody Hodgson wins face-off versus Anze Kopitar in Bruins zone.
4:37 of 3rd period - Victor Hedman is hit by Jonas Brodin and loses puck.
5:40 of 3rd period - T.J. Oshie is hit by Kyle Brodziak and loses puck.
5:47 of 3rd period - Snap shot by Brendan Gallagher.
5:47 of 3rd period - Shot Misses the Net.
6:27 of 3rd period - Boyd Gordon is hit by Radko Gudas and loses puck.
7:23 of 3rd period - Slapshot by Paul Stastny.
7:23 of 3rd period - Stopped by Ben Bishop with a rebound.
7:25 of 3rd period - Snap shot by Matt Duchene.
7:25 of 3rd period - Shot Misses the Net.
8:25 of 3rd period - Willie Mitchell is hit by Jeff Petry and loses puck.
8:32 of 3rd period - Mats Zuccarello is hit by Andrew Cogliano and loses puck.
8:52 of 3rd period - Minor Penalty to Jared Cowen for Slashing.
8:53 of 3rd period - Anze Kopitar wins face-off versus Boyd Gordon in Canucks zone.
9:39 of 3rd period - Casey Cizikas is hit by Nick Holden and loses puck.
10:09 of 3rd period - Willie Mitchell is hit by Matt Duchene and loses puck.
10:42 of 3rd period - Clarke MacArthur is hit by Troy Brouwer and loses puck.
10:52 of 3rd period - Penalty to Jared Cowen is over, Jared Cowen is back on ice.
11:03 of 3rd period - Andrew Cogliano is hit by Willie Mitchell and loses puck.
11:33 of 3rd period - Icing by Kyle Brodziak.
11:34 of 3rd period - Joe Pavelski wins face-off versus Kyle Brodziak in Canucks zone.
11:49 of 3rd period - Snap shot by Joe Pavelski.
11:49 of 3rd period - Shot Blocked by Victor Hedman.
12:11 of 3rd period - Wrist shot by Valeri Nichushkin.
12:11 of 3rd period - Stopped by Ben Bishop with a rebound.
13:51 of 3rd period - Snap shot by Marian Hossa.
13:51 of 3rd period - Shot Blocked by Jared Cowen.
14:07 of 3rd period - Wrist shot by Valeri Nichushkin.
14:07 of 3rd period - Stopped by Ben Bishop with a rebound.
14:09 of 3rd period - Wrist shot by Valeri Nichushkin.
14:09 of 3rd period - Stopped by Ben Bishop without a rebound.
14:10 of 3rd period - Cody Hodgson wins face-off versus Andrew Cogliano in Canucks zone.
14:57 of 3rd period - Pavel Datsyuk is hit by T.J. Oshie and loses puck.
15:46 of 3rd period - Willie Mitchell is hit by Radko Gudas.
15:54 of 3rd period - Paul Stastny is hit by Zack Kassian and loses puck.
16:48 of 3rd period - Icing by Willie Mitchell.
16:49 of 3rd period - Cody Hodgson wins face-off versus Anze Kopitar in Canucks zone.
17:02 of 3rd period - Slapshot by Cody Hodgson.
17:02 of 3rd period - Deflect By Mats Zuccarello.
17:02 of 3rd period - Shot Misses the Net.
17:02 of 3rd period - Puck is out of play.
17:03 of 3rd period - Pavel Datsyuk wins face-off versus Anze Kopitar in Bruins zone.
17:12 of 3rd period - Wrist shot by Pavel Datsyuk.
17:12 of 3rd period - Shot Blocked by Joe Pavelski.
17:24 of 3rd period - Slapshot by Anze Kopitar.
17:24 of 3rd period - Shot Blocked by Joel Ward.
17:26 of 3rd period - Snap shot by Anze Kopitar.
17:26 of 3rd period - Deflect By Marian Hossa.
17:26 of 3rd period - Shot Misses the Net.
17:26 of 3rd period - Puck is out of play.
17:27 of 3rd period - Zemgus Girgensons wins face-off versus Kyle Brodziak in Canucks zone.
17:48 of 3rd period - Slapshot by Zemgus Girgensons.
17:48 of 3rd period - Shot Blocked by Andrei Markov.
17:50 of 3rd period - Slapshot by Nick Holden.
17:50 of 3rd period - Shot Misses the Net.
17:52 of 3rd period - Wrist shot by T.J. Oshie.
17:52 of 3rd period - Shot Misses the Net.
18:10 of 3rd period - Minor Penalty to Kyle Brodziak for Hooking.
18:11 of 3rd period - Anze Kopitar wins face-off versus Boyd Gordon in Canucks zone.
18:30 of 3rd period - Bruins, Semyon Varlamov is pulled from the net.
19:43 of 3rd period - Michael Grabner is hit by Marian Hossa.
19:51 of 3rd period - Backhand shot by Victor Hedman.
19:51 of 3rd period - Shot Blocked by Anze Kopitar.
19:53 of 3rd period - Slapshot by Victor Hedman.
19:53 of 3rd period - Shot Blocked by Nick Holden.
19:55 of 3rd period - Snap shot by Joel Ward.
19:55 of 3rd period - Goal by Joel Ward - Canucks : 2 - Bruins : 0.
19:55 of 3rd period - Semyon Varlamov from Bruins was sent back in the game.
19:56 of 3rd period - Paul Stastny wins face-off versus Boyd Gordon in neutral zone.
Goals for this period are 1 for Canucks vs 0 for Bruins.
Shots for this period are 6 for Canucks vs 6 for Bruins.


Output by the SimonT Hockey Simulator (STHS) for Eric Dolegowski -- Original Page W3C XHTML 1.0 Valid
Hockey Simulator - Hockey Simulation - Hockey Manager